 Dungeon Crawl Stone Soup version 0.27.1-33-g824d729ab1 (webtiles) character file.

Game seed: 5104777530453397316

5 Descartes the Grasshopper (level 1, 0/9 HPs)
             Began as a Felid Warper on Nov 29, 2021.
             Slain by a jackal (3 damage)
             ... on level 1 of the Dungeon.
             The game lasted 00:00:30 (364 turns).

Descartes the Grasshopper (Felid Warper)             Turns: 364, Time: 00:00:30

Health: 0/9        AC:  1    Str:  7    XL:     1   Next: 66%
Magic:  4/4        EV: 18    Int: 14    God:
Gold:   0          SH:  0    Dex: 15    Spells: 4/4 levels left
                                        Lives:  0   Deaths: 0

rFire    . . .     SeeInvis +     - Unarmed
rCold    . . .     Faith    .   (shield unavailable)
rNeg     . . .     Spirit   .   (armour unavailable)
rPois    .         Reflect  .   (helmet unavailable)
rElec    .         Harm     .   (cloak unavailable)
rCorr    .         Rampage  .   (gloves unavailable)
Will     .....                  (boots unavailable)
Stlth    ++........             (no amulet)
HPRegen  0.03/turn              (no ring)
MPRegen  0.09/turn              (no ring)

@: quick
A: very small, claws 1, fangs 3, see invisible, speed 1, shaggy fur 1, stealthy
paws, no weapons or thrown items, no armour, multi-lived
a: no special abilities


You were on level 1 of the Dungeon.
You visited 1 branch of the dungeon, and saw 1 of its levels.

Inventory:

Scrolls
 a - a scroll of blinking


   Skills:
 - Level 2.0 Fighting
 + Level 3.4 Dodging
 + Level 1.0 Stealth
 + Level 2.2 Unarmed Combat
 - Level 2.0 Spellcasting
 - Level 4.4 Translocations


You had 4 spell levels left.
You didn't know any spells.
Your spell library contained the following spells:

 Spells                   Type           Power      Damage    Failure   Level
 Blink                    Tloc           N/A        N/A       6%          2
 Gell's Gravitas          Tloc           6%         N/A       12%         3
 Lesser Beckoning         Tloc           6%         N/A       12%         3
 Teleport Other           Tloc           13%        N/A       12%         3
 Manifold Assault         Tloc           13%        N/A       73%         5


Dungeon Overview and Level Annotations

Branches:
Dungeon (1/15)

Altars:


Innate Abilities, Weirdness & Mutations

You have sharp claws.
You have razor-sharp teeth.
You have supernaturally acute eyesight. (SInv)
You cover ground quickly. (Speed+)
You are covered in fur. (AC +1)
Your paws help you pounce on unaware monsters.
You are incapable of wielding weapons or throwing items.
You cannot wear armour.
You gain extra lives every three experience levels.


Message History

No target in view!
No target in view!
No target in view!
No target in view!
No target in view!
No target in view!
No target in view!
No target in view!
A hobgoblin comes into view.
The hobgoblin shouts!
You hear a bark! x2; You hear a shout!
The hobgoblin moves out of view.
You see here a rat corpse.
No target in view!
A jackal comes into view.
The jackal barks!
The endoplasm quivers.
A hobgoblin comes into view.
The hobgoblin hits you.
You scratch the hobgoblin but do no damage.
A jackal comes into view.
You barely miss the hobgoblin. The hobgoblin barely misses you.
A jackal comes into view.
You scratch the hobgoblin.
The hobgoblin is moderately wounded.
The hobgoblin closely misses you.
A jackal comes into view.
You closely miss the hobgoblin.
The hobgoblin is moderately wounded.
The hobgoblin closely misses you.
You scratch the hobgoblin.
The hobgoblin is severely wounded.
The hobgoblin completely misses you. The jackal misses you.
You scratch the hobgoblin.
You kill the hobgoblin!
The jackal closely misses you. The jackal barely misses you.
Your Stealth skill increases to level 1!
You barely miss the jackal. The endoplasm freezes you.
You are frozen.
The jackal bites you.
You die...

.......#.. ##.......# ..
##.......# .. #........#
.# ......#..# .# .
.#....##.# .# ...
########.########.##..#.
# #.)......h....... #
##......†.@hh.....
#######.....#####Jg.....
........###....# .......
######.## ####..........
### ......... #.......
....... #......


You could see an endoplasm, 3 jackals and a hobgoblin.

Vanquished Creatures
  A goblin (D:1)
  2 hobgoblins (D:1)
  A kobold (D:1)
  A rat (D:1)
5 creatures vanquished.

Notes
Turn   | Place    | Note
-------+----------+-------------------------------------------
     0 | D:1      | Descartes the Felid Warper began the quest for the Orb.
     0 | D:1      | Reached XP level 1. HP: 9/9 MP: 4/4
   364 | D:1      | Reached skill level 1 in Stealth
   364 | D:1      | Slain by a jackal

Illustrated notes

Levels and vault maps discovered:
D:1:      dpeg_arrival_concentric_ovals, layout_rooms, hex_medium,
          minmay_strange_pillars, serial_bayou_lake_a

Skill      XL: |  1 |
---------------+----+-----
Stealth        | 1 |  1.0
Fighting       | |  2.0
Dodging        | |  3.4
Unarmed Combat | |  2.2
Spellcasting   | |  2.0
Translocations | |  4.4

Action                   || total
-------------------------++-------
Melee: Unarmed           ||    31
       Bite              ||     1
Armor: Skin              ||     1
Dodge: Dodged            ||    26
